 Dungeon Crawl Stone Soup version 0.27-a0-1196-g3e9cee4cb2 (webtiles) character file.

Game seed: 17279651568997042427

2 tilp the Caller (level 1, 0/15 HPs)
             Began as a Barachi Summoner on May 27, 2021.
             Slain by a jackal (3 damage)
             ... on level 1 of the Dungeon.
             The game lasted 00:00:49 (156 turns).

tilp the Caller (Barachi Summoner)                   Turns: 156, Time: 00:00:50

Health: 0/15       AC:  2    Str:  9    XL:     1   Next: 40%
Magic:  0/3        EV: 12    Int: 15    God:
Gold:   0          SH:  0    Dex: 12    Spells: 3/4 levels left

rFire    . . .     SeeInvis .   (no weapon)
rCold    . . .     Faith    .   (no shield)
rNeg     . . .     Spirit   .   a - +0 robe
rPois    .         Reflect  .   (no helmet)
rElec    .         Harm     .   (no cloak)
rCorr    .         Rampage  .   (no gloves)
Will     .....                  (no boots)
Stlth    ++........             (no amulet)
HPRegen  0.05/turn              (no ring)
MPRegen  0.08/turn              (no ring)

@: unable to hop, slow
A: amphibious, slowness 1, strong legs 1, +LOS
a: Hop


You were on level 1 of the Dungeon.
You visited 1 branch of the dungeon, and saw 1 of its levels.

Inventory:

Armour
 a - a +0 robe (worn)
Potions
 b - a potion of haste {unknown}


   Skills:
 + Level 1.0 Fighting
 - Level 2.1 Dodging
 - Level 1.7 Stealth
 - Level 2.1 Spellcasting
 - Level 4.8 Summonings


You had 3 spell levels left.
You knew the following spells:

 Your Spells              Type           Power      Damage    Failure   Level
a - Summon Small Mammal   Summ           64%        N/A       3%          1

Your spell library contained the following spells:

 Spells                   Type           Power      Damage    Failure   Level
 Call Imp                 Summ           16%        N/A       4%          2
 Call Canine Familiar     Summ           16%        N/A       9%          3
 Summon Guardian Golem    Hex/Summ       8%         N/A       24%         3
 Summon Ice Beast         Ice/Summ       8%         N/A       63%         4
 Summon Lightning Spire   Summ/Air       8%         N/A       63%         4


Dungeon Overview and Level Annotations

Branches:
Dungeon (1/15)

Altars:


Innate Abilities, Weirdness & Mutations

You are amphibious.
You cover ground slowly.
You can hop short distances.
You have an extended range of vision and can be seen from far away.


Message History

Your quokka disappears in a puff of smoke!
Unknown command.
Unknown command.
Your quokka barely misses the jackal.
The jackal closely misses you.
Your quokka bites the jackal.
The jackal barely misses you.
Casting: Summon Small Mammal (safe; 3% risk of failure)
Confirm with . or Enter, or press ? or * to list all spells.
The jackal barely misses you. x2
The jackal bites you. The jackal barely misses you.
The jackal misses your quokka.
Your quokka misses the jackal. The jackal bites you.
The jackal bites your quokka.
Your quokka bites the jackal.
Your quokka bites the jackal.
The jackal dies!
Your quokka misses the jackal.
Your Fighting skill increases to level 1!
The jackal bites you.
* * * LOW HITPOINT WARNING * * *
Something barely misses your quokka.
Something bites your quokka but does no damage.
Your quokka barely misses the jackal.
The jackal bites you.
* * * LOW HITPOINT WARNING * * *
Something completely misses your quokka.
Something bites your quokka. The jackal bites you.
* * * LOW HITPOINT WARNING * * *
Your quokka bites the jackal.
Casting: Summon Small Mammal (safe; 3% risk of failure)
Confirm with . or Enter, or press ? or * to list all spells.
The jackal misses your quokka. The jackal barely misses you.
Your quokka bites the jackal.
Unknown command.
Your bat hits the jackal but does no damage.
Something misses your quokka. The jackal barely misses you.
Your quokka barely misses the jackal.
You miss the jackal.
The jackal is almost dead.
The jackal closely misses your quokka. The jackal bites you.
You die...

#.........####
#.<.......... #........##
#........## #.....#...##
#.brh###r..## ###r##
##...## #h# ##...## #@#
###...#### ##.# #h.......#
##+#..# #.##...#.# ##....##
#h##...# # ##.....##
#.##...# ##.......##
#r.....#
###.........####....>##.##
.......†....'..............
##..........####........###


You could see 2 jackals, 2 friendly quokkas and a friendly bat (summoned).

Vanquished Creatures (collateral kills)
  2 jackals (D:1)
  A quokka (D:1)
  A frilled lizard (D:1)
4 creatures vanquished.

Notes
Turn   | Place    | Note
-------+----------+-------------------------------------------
     0 | D:1      | tilp the Barachi Summoner began the quest for the Orb.
     0 | D:1      | Reached XP level 1. HP: 13/13 MP: 3/3
   150 | D:1      | Reached skill level 1 in Fighting
   156 | D:1      | Slain by a jackal

Illustrated notes

Levels and vault maps discovered:
D:1:      elethiomel_arrival_shortcut, layout_loops_corners, serial_shops,
          nicolae_shop_trees, minmay_misc_feat_encased, minmay_ruptured

Skill      XL: |  1 |
---------------+----+-----
Fighting       | 1 |  1.0
Dodging        | |  2.1
Stealth        | |  1.7
Spellcasting   | |  2.1
Summonings     | |  4.8

Action                   || total
-------------------------++-------
Melee: Unarmed           ||     1
 Cast: Summon Small Mamm ||    12
 Abil: Hop               ||     1
Armor: Robe              ||     3
Dodge: Dodged            ||    19

Table legend: (Time is in decaauts)
 A = Elapsed time spent in this place.
 B = Non-inter-level travel time spent in this place.
 C = Inter-level travel time spent in this place.
 D = Time resting spent in this place.
 E = Time spent auto-exploring this place.
 F = Levels seen in this place.
 G = Mean time per level.
                   A        B        C        D        E       F      G
               +--------+--------+--------+--------+--------+-----+--------+
         Total |    171 |    171 |      0 |     29 |     68 |   1 |  171.0 |
       Dungeon |    171 |    171 |      0 |     29 |     68 |   1 |  171.0 |
               +--------+--------+--------+--------+--------+-----+--------+

Top non-repeatable levels by time:
     D:1: 171 daAuts
